AoeStats
← 5323717

Arena

510297131Analyzed
3v3 RM · 20h ago on Sep 30, 2026· 39m 51s· 6 players
Game mode
Random Map
Map size
Normal (6 player)
Population
200
Speed
Normal
Resources
Standard
Victory
Conquest
Starting age
Dark Age
Ending age
Imperial Age
RankedLock teamsTeams togetherTeam positionsShared explorationLock speedFull tech treeHidden civsTurbo modeCheats
Victory
Defeat
🇿🇦 Byzantines · South Africa
795
+17
🇧🇷 Huns · Brazil
676
+21
🇨🇦 Varangians · Canada
620
+24
🇯🇵 Aztecs · Japan
824
-22
🇨🇳 Berbers · China
815
-59
🇭🇰 Mongols · Hong Kong SAR China
769
-19
5323717
14:20 Feudal Age
14:45 Horse Collar
15:43 Wheelbarrow
14:56 Double-Bit Axe
15:13 Gold Mining
23:12 Castle Age
23:45 Stone Mining
24:32 Gold Shaft Mining
24:40 Gold Shaft Mining
24:08 Heavy Plow
24:26 Hand Cart
24:25 Bow Saw
25:49 Caravan
26:20 Coinage
28:29 Kasbah
34:25 Stone Shaft Mining
40:17 Imperial Age
knight
11:06 Feudal Age
10:54 Loom
16:21 Castle Age
14:28 Double-Bit Axe
14:59 Horse Collar
20:16 Fervor
23:11 Pikeman
25:01 Wheelbarrow
25:59 Heavy Plow
26:14 Bow Saw
30:40 Forging
33:17 Imperial Age
34:54 Imperial Age
34:18 Gold Mining
辛巴個老豆
11:17 Feudal Age
16:35 Castle Age
15:17 Double-Bit Axe
17:06 Stone Mining
19:05 Horse Collar
21:34 Bow Saw
21:12 Loom
24:35 Heavy Plow
25:41 Caravan
28:50 Wheelbarrow
30:35 Hand Cart
36:02 Imperial Age
33:41 Fletching
33:52 Padded Archer Armor
34:40 Bodkin Arrow
34:56 Forging
34:52 Scale Barding Armor
35:17 Bloodlines
35:59 Ballistics
37:35 Bracer
38:04 Leather Archer Armor
37:45 Gold Mining
38:47 Parthian Tactics
V snacks
7:17 Loom
11:57 Feudal Age
12:42 Town Watch
16:58 Wheelbarrow
19:20 Castle Age
18:57 Gold Mining
19:19 Double-Bit Axe
19:20 Horse Collar
19:50 Scale Mail Armor
21:57 Squires
25:50 Chain Mail Armor
25:59 Stone Mining
26:45 Arson
28:57 Forging
28:39 Fletching
32:55 Bodkin Arrow
33:36 Iron Casting
38:03 Imperial Age
Æthelred
10:12 Feudal Age
10:33 Horse Collar
10:39 Double-Bit Axe
20:53 Castle Age
20:44 Stone Mining
20:45 Gold Mining
22:29 Bow Saw
22:20 Heavy Plow
24:48 Gold Shaft Mining
25:21 Bloodlines
25:12 Husbandry
34:06 Imperial Age
31:54 Scale Barding Armor
32:41 Marauders
33:20 Ballistics
32:57 Murder Holes
34:32 Chain Barding Armor
34:11 Elite Tarkan
35:13 Conscription
35:50 Plate Barding Armor
36:16 Caravan
36:37 Guilds
Hondkop
0:27 Loom
10:48 Feudal Age
15:48 Castle Age
16:10 Wheelbarrow
15:18 Horse Collar
15:29 Double-Bit Axe
23:51 Bow Saw
23:46 Heavy Plow
26:46 Hand Cart
31:12 Imperial Age
31:03 Forging
30:44 Fletching
30:55 Scale Mail Armor
30:56 Padded Archer Armor
31:01 Scale Barding Armor
32:22 Conscription
33:08 Chemistry
32:12 Bodkin Arrow
31:52 Pikeman
32:18 Gambesons
32:34 Squires
32:20 Arson
32:22 Elite Skirmisher
33:08 Thumb Ring
33:28 Ballistics
34:26 Two-Man Saw
33:07 Halberdier
36:12 Bracer
36:27 Leather Archer Armor
36:28 Chain Mail Armor
36:49 Iron Casting
36:28 Caravan
Connection lost

Rejoining the realm…

Still unreachable

The connection could not be restored.

Session expired

The server has moved on; the page needs a fresh start.